 Dungeon Crawl Stone Soup version 0.26-a0-54-g15ccc7ae60 (webtiles) character file.

Game seed: 14641368480686561870

702 Ozzies the Fighter (level 7, -2/68 HPs)
             Began as a Minotaur Fighter on June 7, 2020.
             Was a Believer of Cheibriados.
             Slain by an orc
             ... wielding a cursed -3 trident
              (3 damage)
             ... on level 4 of the Dungeon.
             The game lasted 00:10:30 (3234 turns).

Ozzies the Fighter (Minotaur Fighter)               Turns: 3234, Time: 00:10:31

Health: -2/68      AC:  7    Str: 28    XL:     7   Next: 38%
Magic:  6/6        EV:  9    Int: 16    God:    Cheibriados [**....]
Gold:   159        SH: 10    Dex: 14    Spells: 6/6 levels left

rFire    . . .     SeeInvis .   a - +1 war axe
rCold    . . .     Gourm    .   c - +0 kite shield
rNeg     . . .     Faith    .   j - -1 ring mail (curse)
rPois    .         Spirit   .   (helmet restricted)
rElec    .         Reflect  .   q - +1 cloak
rCorr    .         Harm     .   (no gloves)
MR       .....                  (no boots)
Stlth    +.........             l - amulet of inaccuracy (curse)
HPRegen  0.21/turn              n - +6 ring of intelligence
MPRegen  0.10/turn              (no ring)

@: berserk cooldown, slowed, very slow
A: retaliatory headbutt, horns 2
a: Bend Time, Renounce Religion


You were on level 4 of the Dungeon.
You worshipped Cheibriados.
Cheibriados was pleased with you.
You were hungry.

You visited 1 branch of the dungeon, and saw 4 of its levels.

You collected 159 gold pieces.

Inventory:

Hand Weapons
 a - a +1 war axe (weapon)
Armour
 b - a +0 scale mail
 c - a +0 kite shield (worn)
 j - a cursed -1 ring mail (worn)
 q - a +1 cloak (worn)
Jewellery
 l - a cursed amulet of inaccuracy (around neck)
 n - a +6 ring of intelligence (left hand)
Scrolls
 g - 4 scrolls of identify
 m - a scroll of enchant weapon
 o - a scroll of amnesia
 p - a scroll of enchant armour
Potions
 d - 2 potions of might
 e - a potion of haste {unknown}
 h - a potion of mutation
 i - a potion of berserk rage
 k - a potion of resistance {unknown}
 r - a potion of heal wounds {unknown}
 s - a potion of lignification {unknown}
Comestibles
 f - 6 rations


   Skills:
 * Level 8.1 Fighting
 + Level 5.6 Axes
 + Level 4.6 Armour
 + Level 1.8 Dodging
 - Level 4.0 Shields


You had 6 spell levels left.
You didn't know any spells.
Your spell library was empty.

Dungeon Overview and Level Annotations

Branches:
Dungeon (4/15)
 Temple: D:4-7

Altars:
Cheibriados
Dithmenos
Kikubaaqudgha


Innate Abilities, Weirdness & Mutations

You reflexively headbutt those who attack you in melee.
You have a pair of horns on your head.


Message History

An orc comes into view. It is wielding a -3 trident.
You are no longer berserk.
You are exhausted.
You feel yourself slow down.
The orc shouts!
Items here: !! )) / [[ †† The orc barely misses you.
You block the orc's attack.
The orc hits you with a cursed -3 trident.
* * * LOW HITPOINT WARNING * * *
You miss the orc. Your headbutt misses the orc.
The orc hits you but does no damage. You block the orc's attack.
You miss the orc. You block the orc's attack.
The orc hits you but does no damage.
Unknown command.
You miss the orc.
The orc hits you with a cursed -3 trident!
* * * LOW HITPOINT WARNING * * *
The orc hits you with a cursed -3 trident.
You die...

.#
#####...##†####
# .
............#
............#
##
#...........#
...#
#.#######.###
>...# #. #.#
..... #.# ....#
#.# ....# #@#
#### #######o##
#......$)#
#........#
..........#
#.........#
#.######.## .
#.# #.#


You could see an orc.

Vanquished Creatures
  A phantom (D:2)
  A black bear (D:4)
  2 big kobolds (D:3)
  2 scorpions
  Jessica (D:2)
  Ijyb (D:4)
  An orc wizard (D:4)
  A worker ant (D:4)
  3 gnolls (D:2)
  5 adders
  2 worms (D:3)
  3 dart slugs
  7 leopard geckos
  6 orcs
  8 bats
  A giant cockroach (D:1)
  7 goblins
  6 hobgoblins
  10 jackals
  14 kobolds
  A quokka (D:2)
  4 frilled lizards
  8 rats
95 creatures vanquished.

Notes
Turn   | Place    | Note
-------+----------+-------------------------------------------
     0 | D:1      | Ozzies the Minotaur Fighter began the quest for the Orb.
     0 | D:1      | Reached XP level 1. HP: 19/19 MP: 0/0
   162 | D:1      | Reached XP level 2. HP: 26/27 MP: 1/1
   191 | D:1      | Reached skill level 4 in Fighting
   826 | D:2      | Found a shadowy altar of Dithmenos.
   831 | D:2      | Reached XP level 3. HP: 33/33 MP: 2/2
  1233 | D:2      | Noticed a phantom
  1250 | D:2      | Killed a phantom
  1250 | D:2      | Reached skill level 5 in Fighting
  1250 | D:2      | Reached XP level 4. HP: 23/44 MP: 3/3
  1442 | D:2      | Reached XP level 5. HP: 42/50 MP: 4/4
  1443 | D:2      | Reached skill level 6 in Fighting
  1790 | D:2      | Noticed Jessica
  1795 | D:2      | Killed Jessica
  1836 | D:2      | Found an ancient bone altar of Kikubaaqudgha.
  2150 | D:3      | Found a faded altar of an unknown god.
  2158 | D:3      | Became a worshipper of Cheibriados the Contemplative
  2158 | D:3      | Reached * piety under Cheibriados
  2441 | D:3      | Reached skill level 7 in Fighting
  2441 | D:3      | Reached XP level 6. HP: 60/60 MP: 5/5
  2784 | D:3      | Reached ** piety under Cheibriados
  2820 | D:3      | Reached skill level 5 in Axes
  3070 | D:4      | Reached skill level 1 in Dodging
  3070 | D:4      | Reached XP level 7. HP: 56/67 MP: 6/6
  3195 | D:4      | Noticed Ijyb
  3206 | D:4      | Killed Ijyb
  3224 | D:4      | Reached skill level 8 in Fighting
  3234 | D:4      | HP: 1/68 [orc/cursed -3 trident (7)]
  3234 | D:4      | Slain by an orc

Illustrated notes

Levels and vault maps discovered:
D:1:      evilmike_arrival_fibonacci_small, layout_loops_ring
D:2:      minmay_alternating_diamond, layout_loops_corners,
          lemuel_coloured_pillars_altar, grunt_dithmenos_smoke,
          kennysheep_generic_room_15, uniq_jessica
D:3:      cheibrodos_thug_alley, layout_basic,
          chequers_ecumenical_altar_simple_redux
D:4:      layout_basic, lemuel_round_altar, serial_shops, shop_coins,
          first_ration, uniq_blork_the_orc, uniq_eustachio, uniq_ijyb

Skill      XL: |  1  2  3  4  5  6  7 |
---------------+----------------------+-----
Fighting       | 4 5 7 8 |  8.1
Armour         | 4 |  4.6
Shields        | 4 |  4.0
Axes           | 3 4 5 |  5.6
Dodging        | 1 |  1.8

Action                   |  1- 3 |  4- 6 |  7- 9 || total
-------------------------+-------+-------+-------++-------
Melee: War axe           |    84 |   103 |    28 ||   215
       Headbutt          |    13 |    16 |     4 ||    33
  Use: Scroll            |     2 |     5 |       ||     7
       Potion            |       |       |     1 ||     1
  Eat: Chunk             |     1 |     4 |       ||     5
Armor: Scale mail        |    16 |       |       ||    16
       Ring mail         |    10 |    28 |    23 ||    61
Dodge: Dodged            |    33 |    44 |    15 ||    92
Block: Kite shield       |    60 |    63 |    27 ||   150

Table legend:
 A = Non-vault XP
 B = Vault XP
 C = Vault XP percentage of total XP
 D = Non-vault monster count
 E = Vault monster count
 F = Vault count percentage of total count
                 A         B        C        D         E       F
            +---------+---------+-------+---------+---------+-------
      Total |     703 |     300 |  29.9 |      79 |      16 |  16.8
            +---------+---------+-------+---------+---------+-------
        D:1 |      39 |       0 |   0.0 |      22 |       0 |   0.0
        D:2 |     225 |      56 |  19.9 |      26 |       5 |  16.1
        D:3 |     137 |     208 |  60.3 |      18 |      10 |  35.7
        D:4 |     302 |      36 |  10.7 |      13 |       1 |   7.1
            +---------+---------+-------+---------+---------+-------
